 Dungeon Crawl Stone Soup version 0.29-a0-839-g4793fd635e (webtiles) character file.

Game seed: 10481768991931865696

161 Malachi the Shooter (level 5, 0/38 HPs)
             Began as a Demonspawn Hunter on July 14, 2022.
             Killed from afar by an orc wizard (4 damage)
             ... with a magic dart
             ... on level 3 of the Dungeon.
             The game lasted 00:03:14 (3084 turns).

Malachi the Shooter (Demonspawn Hunter)             Turns: 3084, Time: 00:03:14

Health: 0/38       AC:  4    Str: 11    XL:     5   Next: 18%
Magic:  5/5        EV: 14    Int: 11    God:
Gold:   229        SH:  0    Dex: 18    Spells: 4/4 levels left

rFire   . . .      SeeInvis .   a - +0 shortbow
rCold   . . .      Faith    .   (shield currently unavailable)
rNeg    . . .      Spirit   .   c - +0 leather armour
rPois   .          Reflect  .   q - +0 hat
rElec   .          Harm     .   (no cloak)
rCorr   +          Rampage  .   (no gloves)
Will    .....                   h - +0 pair of boots
Stlth   ++........              (no amulet)
HPRegen 0.00/turn               e - ring of resist corrosion
MPRegen 0.09/turn               (no ring)

@: mighty, inhibited regen
A: claws 1, repulsion field 1, ignite blood 1, inhibited regeneration
a: no special abilities


You were on level 3 of the Dungeon.
You visited 1 branch of the dungeon, and saw 4 of its levels.

You collected 229 gold pieces.

Inventory:

Hand Weapons
 a - a +0 shortbow (weapon)
Missiles
 j - 2 throwing nets
Armour
 c - a +0 leather armour (worn)
 h - a +0 pair of boots (worn)
 n - a scarf of invisibility
 q - a +0 hat (worn)
Jewellery
 e - a ring of resist corrosion (left claw)
 o - a ring of fire
 p - a +6 ring of intelligence
Scrolls
 b - a scroll of immolation
 g - a scroll of fog
Potions
 i - 2 potions of haste
 l - a potion of degeneration {unknown}
 m - a potion of attraction {unknown}
 r - a potion of resistance {unknown}
 s - a potion of berserk rage {unknown}
 u - a potion of magic {unknown}


   Skills:
 - Level 2.0 Fighting
 * Level 5.8 Ranged Weapons
 + Level 0.8 Armour
 - Level 1.7 Dodging
 - Level 0.8 Stealth


You had 4 spell levels left.
You didn't know any spells.
Your spell library contained the following spells:

 Spells                   Type           Power      Damage    Failure   Level
 Foxfire                  Conj/Fire      0%         2x1d4     43%         1
 Conjure Flame            Conj/Fire      0%         6-21      80%         3
 Inner Flame              Hex/Fire       0%         N/A       80%         3
 Flame Wave               Conj/Fire      0%         2d4       99%         4


Dungeon Overview and Level Annotations

Branches:
Dungeon (4/15)
 Temple: D:4-7

Altars:

Shops:
D:1 [

Annotations:
D:4 Grinder


Innate Abilities, Weirdness & Mutations

You have sharp fingernails.
You are surrounded by a mild repulsion field. (EV +2)
Your demonic aura sometimes causes spilled blood to erupt in flames.
You do not regenerate when monsters are visible.


Message History

You are confused.
You feel invigorated. Something hits you.
* * * LOW HITPOINT WARNING * * *
Okay, then.
Something hits you.
* * * LOW HITPOINT WARNING * * *
You hear some strange, mumbled words.
A magic dart appears from out of thin air!
The magic dart hits you.
* * * LOW HITPOINT WARNING * * *
You bump into the rock wall.
Something hits you.
* * * LOW HITPOINT WARNING * * *
You bump into the rock wall.
You hear some strange, mumbled words.
A puff of flame appears from out of thin air!
The puff of flame hits you!
* * * LOW HITPOINT WARNING * * *
You feel less invigorated.
You feel less confused.
Fire: a) +0 shortbow
Press: ? - help, Q - select action, (/) - cycle Shift-Dir - straight line, f/p - orc
Aim: an orc, wielding a +0 hand axe and wearing a +0 leather armour (64% to hit)
You shoot an arrow.
The arrow hits the orc but does no damage.
The orc is severely wounded.
Something hits you.
* * * LOW HITPOINT WARNING * * *
Fire: a) +0 shortbow
Press: ? - help, Q - select action, (/) - cycle Shift-Dir - straight line, f/p - orc
Aim: an orc, wielding a +0 hand axe and wearing a +0 leather armour (64% to hit)
You shoot an arrow. The arrow hits the orc.
You kill the orc!
Something hits you.
* * * LOW HITPOINT WARNING * * *
Something barely misses you. The orc attacks as you move away!
The orc hits you with a +0 hand axe.
* * * LOW HITPOINT WARNING * * *
A magic dart appears from out of thin air!
The magic dart hits you.
You die...

#.## ### .#.## ######### ##.##
###.## #.......# ##.#.### # ##.##
#.#####.# #.#..... ##.# #.# #.#
##...#.. # ##.#######.#####.#
##†##.# ###..............#.#
#.##.# .#...#######.......#
#.##.# #.#.## #####@### #.##.#
###.# ###...# #.##.. #.# #{○...#
#.#### ##'## #o#...# #.# ##..)##
#.##### #.# #.....## #.# ##.#
.......## ##.## ##..# #
....>..)####...###########...####
........'.............).........+


You could see an orc.

Vanquished Creatures
  A jelly (D:3)
  4 gnolls (D:3)
  4 adders
  2 worms (D:2)
  A dart slug (D:2)
  2 orcs
  3 ball pythons
  4 endoplasms
  4 goblins
  5 hobgoblins
  2 jackals (D:1)
  A quokka (D:2)
  4 bats
  6 frilled lizards
  3 kobolds
  7 rats
53 creatures vanquished.

Notes
Turn   | Place    | Note
-------+----------+-------------------------------------------
     0 | D:1      | Malachi the Demonspawn Hunter began the quest for the Orb.
     0 | D:1      | Reached XP level 1. HP: 16/16 MP: 1/1
   177 | D:1      | Found Ynotay's Antique Armour Shop.
   346 | D:1      | Reached skill level 4 in Ranged Weapons
   348 | D:1      | Gained mutation: Your demonic aura sometimes causes spilled
                  | blood to erupt in flames. [demonic ancestry]
   348 | D:1      | Reached XP level 2. HP: 22/22 MP: 2/2
   425 | D:1      | Found a faded altar of an unknown god.
   917 | D:2      | Gained mutation: You are surrounded by a mild repulsion
                  | field. (EV +2) [demonic ancestry]
   917 | D:2      | Reached XP level 3. HP: 27/27 MP: 3/3
  1562 | D:3      | Reached skill level 5 in Ranged Weapons
  1565 | D:3      | HP: 1/27 [gnoll/+0 halberd (3)]
  1985 | D:3      | Gained mutation: You have sharp fingernails. [demonic
                  | ancestry]
  1985 | D:3      | Reached XP level 4. HP: 33/33 MP: 4/4
  2466 | D:3      | Reached XP level 5. HP: 38/38 MP: 5/5
  2799 | D:4      | Noticed Grinder
  3072 | D:3      | Gained mutation: You do not regenerate when monsters are
                  | visible. [potion of mutation]
  3084 | D:3      | Killed from afar by an orc wizard

Illustrated notes

Levels and vault maps discovered:
D:1:      minmay_arrival_solitary_statue, layout_rooms,
          hellmonk_ecumenical_altar_run_dry, serial_shops, shop, minivault_14
D:2:      layout_basic, serial_bayou_pond_e, minmay_misc_feat_nine_boxes,
          chequers_serial_rivers_small_a, kennysheep_generic_room_10
D:3:      layout_loops_corners
D:4:      layout_rooms, nemelex_dance_club_becter, chequers_serial_rivers_marsh,
          uniq_grinder

Skill      XL: |  1  2  3 |
---------------+----------+-----
Ranged Weapons | 4 5 |  5.8
Fighting       | |  2.0
Armour         | |  0.8
Dodging        | |  1.7
Stealth        | |  0.8

Action                   |  1- 3 |  4- 6 || total
-------------------------+-------+-------++-------
 Fire: Shortbow          |   113 |    67 ||   180
  Use: Scroll            |       |     5 ||     5
       Potion            |       |     3 ||     3
Armor: Leather armour    |    25 |    12 ||    37
Dodge: Dodged            |    41 |    20 ||    61

Table legend: (Time is in decaauts)
 A = Elapsed time spent in this place.
 B = Non-inter-level travel time spent in this place.
 C = Inter-level travel time spent in this place.
 D = Time resting spent in this place.
 E = Time spent auto-exploring this place.
 F = Levels seen in this place.
 G = Mean time per level.
                   A        B        C        D        E       F      G
               +--------+--------+--------+--------+--------+-----+--------+
         Total |   3143 |   3026 |    117 |    496 |   2105 |   4 |  785.8 |
       Dungeon |   3143 |   3026 |    117 |    496 |   2105 |   4 |  785.8 |
               +--------+--------+--------+--------+--------+-----+--------+

Top non-repeatable levels by time:
     D:3: 1055 daAuts
     D:2: 1037 daAuts
     D:1: 872 daAuts
     D:4: 177 daAuts
